 Dungeon Sprint DCSS version 0.27-a0-1513-g2aaa0cc67b (webtiles) character file.

Game seed: 7540181060953773310

59104 mhtbhm the Hoplite (level 14, -10/146 HPs)
             Began as a Minotaur Fighter on July 9, 2021.
             Was a High Priest of Qazlal.
             Mangled by Cerebov (59 damage)
             ... in the Dungeon (Sprint VII: "The Pits").
             The game lasted 00:13:09 (4961 turns).

mhtbhm the Hoplite (Minotaur Fighter)               Turns: 4961, Time: 00:13:10

Health: -10/146    AC: 31    Str: 25 (26) XL:     14   Next: 51%
Magic:  3/23       EV: 11    Int:  5      God:    Qazlal [*****.]
Gold:   53         SH: 33    Dex: 10      Spells: 13/13 levels left

rFire    + + .     SeeInvis .   a - +3 war axe (vamp)
rCold    + + +     Faith    .   c - +1 tower shield
rNeg     . . .     Spirit   .   b - +2 gold dragon scales
rPois    +         Reflect  .   (helmet restricted)
rElec    +         Harm     .   G - +1 cloak
rCorr    +         Rampage  .   q - +1 pair of gloves
Will     ++...     Rnd*Rage +   r - +0 pair of boots Stlth ..........NoTele +
                                B - amulet of Wyatzoz {Acrobat rC+}
HPRegen  0.34/turn              n - +3 ring of evasion
MPRegen  0.18/turn              z - ring of willpower

@: mighty, resistant, hasted, studying Translocations, repel missiles, very
quick
A: horns 2, retaliatory headbutt, berserk 1
a: Renounce Religion, Upheaval, Elemental Force, Disaster Area


You were in the Dungeon.
You worshipped Qazlal.
Qazlal was extremely pleased with you.
You visited 1 branch You collected 53 gold pieces.

Inventory:

Hand Weapons
 a - a +3 vampiric war axe (weapon)
 E - a +1 broad axe of electrocution
 F - the +5 demon whip "Spellbinder" {antimagic, Will+}
   (You found it in the Dungeon)

   It reduces the magical energy of the wielder, and disrupts the spells and
   magical abilities of those hit.
   Natural abilities and divine invocations are not affected.
   Will:      It increases your willpower.
Missiles
 k - 4 throwing nets (quivered)
Armour
 b - +2 gold dragon scales (worn)
 c - a +1 tower shield (worn)
 q - a +1 pair of gloves (worn)
 r - a +0 pair of boots (worn)
 G - a +1 cloak (worn)
Jewellery
 n - a +3 ring of evasion (left hand)
 z - a ring of willpower (right hand)
 A - a ring of see invisible
 B - the amulet of Wyatzoz (around neck) {Acrobat rC+}
   (You took it off a rakshasa in the Dungeon)

   [amulet of the acrobat]

   It increases your evasion while moving and waiting.
   rC:        It protects you from cold.
Wands
 C - a wand of iceblast (11)
Scrolls
 i - 6 scrolls of amnesia
 j - a scroll of blinking
 t - 3 scrolls of identify
 u - 6 scrolls of enchant weapon
 w - 4 scrolls of enchant armour
Potions
 d - a potion of might
 f - a potion of invisibility
 g - 2 potions of haste
 h - a potion of magic
 m - 8 potions of curing
 v - 2 potions of mutation
 x - 2 potions of brilliance
Miscellaneous
 o - a phantom mirror
 y - a lightning rod (4/4)


   Skills:
 + Level 19.3 Fighting
 + Level 21.6 Axes
 + Level 18.0 Armour
 + Level 7.1 Dodging
 + Level 6.7 Stealth
 + Level 24.8 Shields
 * Level 14.2 Invocations
 + Level 2.7 Evocations


You had 13 spell levels left.
You didn't know any spells.
Your spell library contained the following spells:

 Spells                   Type           Power      Damage    Failure   Level
 Magic Dart               Conj           0%         1d3       100%        1
 Call Imp                 Summ           0%         N/A       100%        2
 Corpse Rot               Necr/Air       N/A        N/A       100%        2
 Slow                     Hex            0%         N/A       100%        2
 Confusing Touch          Hex            0%         N/A       100%        3
 Mephitic Cloud           Conj/Pois/Air  0%         N/A       100%        3
 Dispel Undead            Necr           0%         3d6       100%        4
 Yara's Violent Unravell  Hex/Tmut       0%         3d3       100%        5
 Death Channel            Necr           0%         N/A       100%        6


Dungeon Overview and Level Annotations

Branches:
Dungeon (1/1)

Altars:
Ashenzari
Cheibriados
Dithmenos
Elyvilon
Fedhas
Gozag
Hepliaklqana
Kikubaaqudgha
Makhleb
Nemelex Xobeh
Okawaru
Qazlal
Ru
Sif Muna
Trog
Uskayaw
Vehumet
Wu Jian
Xom
Yredelemnul
Zin
The Shining One
Beogh
Jiyva
Lugonu

Annotations:
D Cerebov


Innate Abilities, Weirdness & Mutations

You have a pair of horns on your head.
You reflexively headbutt those who attack you in melee.
You tend to lose your temper in combat.


Message History

Unknown command.
Okay, then.
Magic courses through your body. You block Cerebov's attack.
Unknown command.
Nature churns violently around you!
The blast of rubble hits the balrug!!
The balrug is almost dead.
The blast of magma engulfs Cerebov!
Cerebov partially resists.
Cerebov is heavily wounded.
You block Cerebov's attack. The balrug gestures at you.
You block the sticky flame.
Unknown command.
Unknown command.
Unknown command.
Unknown command.
Nature churns violently around you!
The blast of rubble hits the balrug!!!
You kill the balrug!
The blast of ice hits Cerebov!
Cerebov is heavily wounded.
The blast of ice hits Cerebov.
Cerebov is heavily wounded.
Cerebov is no longer encased in ice.
You block Cerebov's attack.
Unknown command.
Unknown command.
Unknown command.
Unknown command.
Unknown command.
Unknown command.
Unknown command.
Unknown command.
Nature churns violently around you!
The blast of ice hits Cerebov but does no damage.
Cerebov is heavily wounded.
Cerebov is flash-frozen.
The blast of rubble hits Cerebov but does no damage.
Cerebov is heavily wounded.
Cerebov hits you with the +6 sword of Cerebov {flame}!!!
You die...

#.#
#.#
#.#
#.#
##§##
#§°§#
+§≈§#
##&##
#@#
#.#
#(#
#§#
#§#
#≈#
#§#
#§#
#.#


You could see Cerebov (fast, frozen).

Vanquished Creatures
  A pandemonium lord (D)
  A pearl dragon (D)
  An electric golem (D)
  An Ice Fiend (D)
  2 titans (D)
  A deep elf master archer (D)
  Polyphemus (D)
  A frost giant (D)
  A nagaraja (D)
  An emperor scorpion (D)
  An orc warlord (D)
  A ghost moth (D)
  A dire elephant (D)
  A blizzard demon (D)
  2 yaktaur captains (D)
  A hydra (D)
  Harold (D)
  A rakshasa (D)
  3 vault guards (D)
  3 naga warriors (D)
  A merfolk avatar (D)
  An anaconda (D)
  A death yak (D)
  A death knight (D)
  2 deep troll shamans (D)
  A two-headed ogre (D)
  A vampire mage (D)
  3 deep elf knights (D)
  A fire crab (D)
  3 deep trolls (D)
  A bog body (D)
  5 orc knights (D)
  2 deep elf pyromancers (D)
  An ugly thing (D)
  2 cyclopes (D)
  A merfolk siren (D)
  A manticore (D)
  A gargoyle (D)
  An eye of devastation (D)
  2 kobold demonologists (D)
  A rime drake (D)
  A tormentor (D)
  A demonic crawler (D)
  3 freezing wraiths (D)
  5 yaktaurs (D)
  2 trolls (D)
  2 ice devils (D)
  2 guardian mummies (D)
  A polar bear (D)
  A flying skull (D)
  A redback (D)
  2 air elementals (D)
  A tarantella (D)
  A ynoxinul (D)
  A spriggan (D)
  2 wyverns (D)
  A wraith (D)
  A fire bat (D)
  6 yaks (D)
  2 water elementals (D)
  2 steam dragons (D)
  A neqoxec (D)
  A warg (D)
  A small abomination (D)
  3 floating eyes (D)
  A water moccasin (D)
  3 orc warriors (D)
  A swamp drake (D)
  2 necrophages (D)
  An ogre (D)
  A wolf (D)
  A phantom (D)
  A centaur (D)
  2 kobold brigands (D)
  An earth elemental (D)
  A scorpion (D)
  7 killer bees (D)
  14 wights (D)
  A hound (D)
  An orc priest (D)
  An iron imp (D)
  An orc wizard (D)
  3 adders (D)
  3 white imps (D)
  An ufetubus (D)
  A worm (D)
  4 orcs (D)
  A ball python (D)
  2 bat zombies (D)
  An endoplasm (D)
  A giant cockroach (D)
  2 goblins (D)
  A hobgoblin (D)
  A quokka (D)
  A bat (D)
  A jackal zombie (D)
  6 kobolds (D)
  3 fire vortices (D)
175 creatures vanquished.

Vanquished Creatures (collateral kills)
  A death knight (D)
  An iron troll (D)
2 creatures vanquished.

Vanquished Creatures (others)
  An orc warlord (D)
  A sun demon (D)
  5 orc knights (D)
  A warg (D)
  A wight (D)
9 creatures vanquished.

Grand Total: 186 creatures vanquished

Notes
Turn   | Place    | Note
-------+----------+-------------------------------------------
     0 | D        | mhtbhm the Minotaur Fighter began the quest for the Orb.
     0 | D        | Reached XP level 1. HP: 19/19 MP: 0/0
    11 | D        | Noticed a scorpion
    19 | D        | Killed a scorpion
    20 | D        | Reached skill level 5 in Armour
    20 | D        | Reached skill level 6 in Shields
    20 | D        | Reached XP level 2. HP: 30/30 MP: 1/1
    20 | D        | Reached XP level 3. HP: 37/37 MP: 2/2
    24 | D        | Found a bloodstained altar of Trog.
    24 | D        | Found a shimmering blue altar of Sif Muna.
    24 | D        | Found a viscous altar of Jiyva.
    24 | D        | Found a hazy altar of Hepliaklqana.
    24 | D        | Found an opulent altar of Gozag.
    25 | D        | Found a glowing golden altar of the Shining One.
    25 | D        | Found a glowing silver altar of Zin.
    25 | D        | Found a basalt altar of Yredelemnul.
    25 | D        | Found a shimmering altar of Xom.
    25 | D        | Found an ornate altar of the Wu Jian Council.
    25 | D        | Found a sacrificial altar of Ru.
    25 | D        | Found a stormy altar of Qazlal.
    25 | D        | Found an iron altar of Okawaru.
    25 | D        | Found a sparkling altar of Nemelex Xobeh.
    25 | D        | Found a burning altar of Makhleb.
    25 | D        | Found a blossoming altar of Fedhas.
    25 | D        | Found a white marble altar of Elyvilon.
    25 | D        | Found a shadowy altar of Dithmenos.
    25 | D        | Found a snail-covered altar of Cheibriados.
    28 | D        | Found a corrupted altar of Lugonu.
    28 | D        | Found a radiant altar of Vehumet.
    29 | D        | Found an ancient bone altar of Kikubaaqudgha.
    29 | D        | Found a hide-covered altar of Uskayaw.
    29 | D        | Found a broken altar of Ashenzari.
    32 | D        | Became a worshipper of Qazlal Stormbringer
    79 | D        | Reached * piety under Qazlal
    87 | D        | Reached XP level 4. HP: 35/45 MP: 3/3
   164 | D        | Reached ** piety under Qazlal
   379 | D        | Noticed a necrophage
   380 | D        | Noticed a floating eye
   383 | D        | Killed a floating eye
   384 | D        | Reached skill level 5 in Axes
   384 | D        | Reached skill level 8 in Shields
   384 | D        | Reached XP level 5. HP: 53/53 MP: 4/4
   387 | D        | Killed a necrophage
   387 | D        | Reached *** piety under Qazlal
   388 | D        | Reached skill level 9 in Shields
   388 | D        | Reached XP level 6. HP: 62/62 MP: 5/5
   388 | D        | Noticed a water moccasin
   393 | D        | Killed a water moccasin
   394 | D        | Reached skill level 1 in Dodging
   404 | D        | Reached **** piety under Qazlal
   417 | D        | Reached skill level 10 in Shields
   419 | D        | Noticed a steam dragon
   429 | D        | Killed a steam dragon
   430 | D        | Reached skill level 10 in Fighting
   430 | D        | Reached XP level 7. HP: 61/72 MP: 6/6
   481 | D        | Noticed a flying skull
   507 | D        | Killed a flying skull
   508 | D        | Reached skill level 10 in Armour
   508 | D        | Reached skill level 11 in Shields
   510 | D        | Reached ***** piety under Qazlal
   514 | D        | Reached skill level 10 in Axes
   528 | D        | Noticed a deep elf pyromancer
   535 | D        | Killed a deep elf pyromancer
   536 | D        | Reached skill level 12 in Shields
   536 | D        | Reached XP level 8. HP: 49/81 MP: 7/7
   768 | D        | Noticed a freezing wraith
   771 | D        | Reached skill level 13 in Shields
   774 | D        | Reached ****** piety under Qazlal
   789 | D        | Killed a freezing wraith
  1015 | D        | Noticed a demonic crawler
  1024 | D        | Killed a demonic crawler
  1025 | D        | Reached skill level 14 in Shields
  1025 | D        | Reached XP level 9. HP: 73/89 MP: 8/8
  1029 | D        | Noticed a merfolk siren
  1034 | D        | Killed a merfolk siren
  1126 | D        | Noticed a gargoyle
  1138 | D        | Killed a gargoyle
  1139 | D        | Reached skill level 15 in Shields
  1156 | D        | Gained mutation: You tend to lose your temper in combat. [a
                  | neqoxec]
  1186 | D        | Noticed a deep elf pyromancer
  1191 | D        | Noticed an ice devil
  1198 | D        | Killed a deep elf pyromancer
  1205 | D        | Killed an ice devil
  1303 | D        | Noticed a guardian mummy
  1315 | D        | Killed a guardian mummy
  1316 | D        | Reached skill level 16 in Shields
  1316 | D        | Reached XP level 10. HP: 82/97 MP: 9/9
  1478 | D        | Noticed a two-headed ogre
  1482 | D        | Killed a two-headed ogre
  1482 | D        | Noticed a death yak
  1483 | D        | Reached skill level 15 in Axes
  1498 | D        | Killed a death yak
  1499 | D        | Reached skill level 17 in Shields
  1674 | D        | Noticed a deep troll
  1683 | D        | Noticed a cyclops
  1686 | D        | Reached XP level 11. HP: 107/107 MP: 10/10
  1692 | D        | Killed a deep troll
  1871 | D        | Noticed a nagaraja
  1874 | D        | Reached skill level 18 in Shields
  1880 | D        | Killed a nagaraja
  1960 | D        | Noticed an anaconda
  1966 | D        | Noticed a bog body
  1976 | D        | Killed a bog body
  1982 | D        | Killed an anaconda
  1983 | D        | Reached skill level 15 in Fighting
  1983 | D        | Reached skill level 15 in Armour
  1985 | D        | Reached skill level 19 in Shields
  2362 | D        | Identified the amulet of Wyatzoz {Acrobat rC+}
  2362 | D        | Noticed a rakshasa
  2362 | D        | Noticed an orc knight
  2371 | D        | Killed an orc knight
  2387 | D        | Killed a rakshasa
  2524 | D        | Noticed a five-headed hydra
  2524 | D        | Noticed a deep elf knight
  2524 | D        | Noticed an orc knight
  2524 | D        | Noticed Harold
  2524 | D        | Noticed a vampire mage
  2528 | D        | Noticed a deep troll
  2531 | D        | Killed an orc knight
  2532 | D        | Reached skill level 1 in Invocations
  2532 | D        | Reached XP level 12. HP: 109/121 MP: 11/11
  2546 | D        | Noticed a death knight
  2547 | D        | Reached skill level 20 in Shields
  2548 | D        | Killed Harold
  2549 | D        | Noticed a deep troll shaman
  2555 | D        | Killed a vampire mage
  2556 | D        | Killed a death knight
  2566 | D        | Killed a deep troll shaman
  2566 | D        | Noticed an emperor scorpion
  2566 | D        | Noticed a death knight
  2579 | D        | Noticed Polyphemus
  2583 | D        | Killed a nine-headed hydra
  2584 | D        | Reached skill level 5 in Invocations
  2591 | D        | Noticed a deep troll shaman
  2602 | D        | Killed an emperor scorpion
  2603 | D        | Reached skill level 21 in Shields
  2625 | D        | Killed Polyphemus
  2630 | D        | HP: 6/124 [death knight (21)]
  2634 | D        | Killed a death knight
  2638 | D        | Reached skill level 5 in Dodging
  2645 | D        | Killed a deep troll shaman
  2668 | D        | Reached skill level 1 in Evocations
  2668 | D        | Reached XP level 13. HP: 35/132 MP: 10/17
  3056 | D        | Noticed a titan
  3072 | D        | Killed a titan
  3073 | D        | Reached skill level 22 in Shields
  3276 | D        | Noticed Isurchubu the pandemonium lord
  3289 | D        | Killed Isurchubu the pandemonium lord
  3406 | D        | Noticed an orc warlord
  3406 | D        | Noticed an orc warlord
  3410 | D        | Paralysed by an air elemental for 1 turns
  3410 | D        | Noticed a blizzard demon
  3412 | D        | Killed an orc warlord
  3419 | D        | Reached skill level 1 in Stealth
  3419 | D        | Killed an orc warlord
  3422 | D        | Reached skill level 23 in Shields
  3423 | D        | Noticed a frost giant
  3424 | D        | Reached skill level 10 in Invocations
  3424 | D        | Paralysed by an air elemental for 1 turns
  3425 | D        | Killed a blizzard demon
  3430 | D        | Paralysed by an air elemental for 1 turns
  3448 | D        | Reached skill level 5 in Stealth
  3456 | D        | Killed a frost giant
  3467 | D        | Reached XP level 14. HP: 119/144 MP: 17/22
  3641 | D        | Found the +5 demon whip "Spellbinder" {antimagic, Will+}
  3856 | D        | Noticed a deep elf master archer
  3866 | D        | Killed a deep elf master archer
  3889 | D        | Noticed an Ice Fiend
  3900 | D        | Killed an Ice Fiend
  4322 | D        | Noticed a titan
  4332 | D        | Killed a titan
  4382 | D        | Noticed an electric golem
  4384 | D        | Reached skill level 24 in Shields
  4433 | D        | Killed an electric golem
  4647 | D        | Noticed a pearl dragon
  4669 | D        | Killed a pearl dragon
  4816 | D        | Killed a ghost moth
  4930 | D        | Found the +6 sword of Cerebov {flame}
  4930 | D        | Noticed Cerebov
  4955 | D        | Noticed a balrug
  4961 | D        | Mangled by Cerebov

Illustrated notes

Levels and vault maps discovered:
D:        pitsprint [storerooms_1, entrance_room_1, metal_vault_4, armoury_1,
          mini_pit_1, grid_room_1, main_hall_1, silver_pit, the_coven_1,
          the_vestibule_1, steel_vault_1, golden_pit, hallway_of_sentries,
          crystal_vault_6, iron_vault_1, final_vault]

Skill      XL: |  1  2  3  4  5  6  7  8  9 10 11 12 13 14 |
---------------+-------------------------------------------+-----
Fighting       | 6 8 10 11 12 13 15 17 18 19 | 19.3
Axes           | 3 5 6 8 11 12 14 16 19 20 21 | 21.6
Armour         | 5 6 7 8 9 10 11 12 13 15 16 17 18 | 18.0
Shields        | 6 8 9 10 12 14 16 17 19 21 23 24 | 24.8
Dodging        | 1 2 3 5 7 |  7.1
Invocations    | 1 7 12 14 | 14.2
Evocations     | 1 2 |  2.7
Stealth        | 5 6 |  6.7

Action                   |  1- 3 |  4- 6 |  7- 9 | 10-12 | 13-15 || total
-------------------------+-------+-------+-------+-------+-------++-------
Melee: War axe           |     4 |       |    72 |   227 |   167 ||   470
       Headbutt          |     2 |     8 |    18 |    50 |    41 ||   119
       Hand axe          |    11 |    43 |    41 |       |       ||    95
Invok: Disaster Area     |       |       |       |     2 |    11 ||    13
       Elemental Force   |       |       |       |       |     1 ||     1
Evoke: Lightning rod     |       |       |       |     6 |       ||     6
       Phantom mirror    |       |       |       |     1 |       ||     1
  Use: Potion            |     3 |       |     1 |     9 |    16 ||    29
       Scroll            |       |       |       |     1 |     3 ||     4
 Stab: Invisible         |       |       |       |       |     8 ||     8
Armor: Scale mail        |     3 |     1 |       |       |       ||     4
       Plate armour      |       |     9 |    33 |    24 |       ||    66
       Chain mail        |       |       |       |    62 |    16 ||    78
       Gold dragon scale |       |       |       |       |    24 ||    24
Dodge: Dodged            |     5 |    10 |    16 |    60 |    38 ||   129
       Repelled          |       |       |       |     4 |     5 ||     9
Block: Kite shield       |    10 |    27 |   107 |   265 |    61 ||   470
       Tower shield      |       |       |       |       |    97 ||    97

Table legend: (Time is in decaauts)
 A = Elapsed time spent in this place.
 B = Non-inter-level travel time spent in this place.
 C = Inter-level travel time spent in this place.
 D = Time resting spent in this place.
 E = Time spent auto-exploring this place.
 F = Levels seen in this place.
 G = Mean time per level.
                   A        B        C        D        E       F      G
               +--------+--------+--------+--------+--------+-----+--------+
         Total |   4890 |   4846 |     44 |   2809 |     30 |   1 | 4890.0 |
       Dungeon |   4890 |   4846 |     44 |   2809 |     30 |   1 | 4890.0 |
               +--------+--------+--------+--------+--------+-----+--------+

Top non-repeatable levels by time:
       D: 4890 daAuts
